 Dungeon Crawl Stone Soup version 0.24.0-1-gfbc8707 (webtiles) character file.

Game seed: 3900246595321504553, levelgen mode: deterministic

46 gilim the Shield-Bearer (level 3, -6/24 HPs)
             Began as a Gargoyle Fighter on Nov 9, 2019.
             Mangled by Sigmund
             ... wielding a +2 scythe of slicing
              (10 damage)
             ... on level 2 of the Dungeon.
             The game lasted 00:04:54 (1108 turns).

gilim the Shield-Bearer (Gargoyle Fighter)          Turns: 1108, Time: 00:04:55

Health: -6/24      AC: 11    Str: 19    XL:     3   Next: 68%
Magic:  3/3        EV:  7    Int:  9    God:
Gold:   100        SH:  9    Dex:  9    Spells: 2/2 levels left

rFire    . . .     SeeInvis .   m - +3 short sword
rCold    . . .     Gourm    .   c - +0 shield
rNeg     + . .     Faith    .   b - +0 scale mail
rPois    ∞         Spirit   .   n - +1 hat
rElec    +         Reflect  .   (no cloak)
rCorr    .         Harm     .   (no gloves)
MR       .....                  (no boots)
Stlth    ..........             (no amulet)
HPRegen  0.08/turn              (no ring)
MPRegen  0.08/turn              (no ring)

@: no status effects
A: negative energy resistance 1, electricity resistance, unbreathing,
petrification resistance, rot immunity, AC +3
a: no special abilities


You were on level 2 of the Dungeon.
You were not hungry.

You visited 1 branch of the dungeon, and saw 2 of its levels.

You collected 100 gold pieces.

Inventory:

Hand Weapons
 a - a +0 war axe
 m - a +3 short sword (weapon)
Missiles
 e - 14 bolts
Armour
 b - a +0 scale mail (worn)
 c - a +0 shield (worn)
 n - a +1 hat (worn)
Scrolls
 i - 2 scrolls of enchant armour {unknown}
 j - a scroll of teleportation {unknown}
 k - a scroll of noise {unknown}
 l - 4 scrolls of remove curse {unknown}
 p - 3 scrolls of fog {unknown}
 q - a scroll of fear {unknown}
Potions
 d - 3 potions of might
 g - 2 potions of curing {unknown}
 h - a potion of mutation {unknown}
Comestibles
 f - 4 rations
 o - a chunk of flesh


   Skills:
 + Level 3.7 Fighting
 + Level 2.3 Axes
 - Level 3.2 Armour
 * Level 4.2 Shields


You had 2 spell levels left.
You didn't know any spells.
Your spell library was empty.

Dungeon Overview and Level Annotations

Branches:
Dungeon (2/15)

Altars:

Annotations:
D:2 Sigmund


Innate Abilities, Weirdness & Mutations

You are resistant to torment.
Your stone body is resilient. (AC +3)
You are immune to poison.
You resist negative energy. (rN+)
You are resistant to electric shocks. (rElec)
You can survive without breathing.
You are immune to petrification.
You are immune to rotting.


Message History

Sigmund gestures wildly while chanting.
Sigmund flickers and vanishes!
Deactivating autopickup; reactivate with Ctrl-A.
No target in view!
No target in view!
No target in view!
No target in view!
No target in view!
Your shield prevents you from hitting something.
Something hits you but does no damage.
You hit something. You barely miss something. Something hits you.
You barely miss something. Something hits you.
Your scale mail prevents you from hitting something.
You block something's attack.
You hit something. Something hits you.
* * * LOW HITPOINT WARNING * * *
x2 You miss something.
You closely miss something. Something hits you!
You die...

.####.........# #.# #.# .♣
#####.##### .. #.# .♣ #.#
#. #.#### .♣ #.# #.##....
.♣#######.# #..#..# ##
.♣........#########.#..#..#
.♣#######..........)......#
.♣ #.#########....##.# .♣
#.# #.@.........# .♣ #.#
#{####..##### .# #.# #.
#.>... #####.# #.# #.
#.##### ....... #.# #. #.#
#####.# #.# #. #.. #.# #.
#P. ### #.# #. PP #<#+#.#


There were no monsters in sight!

Vanquished Creatures
  An adder (D:2)
  An ooze (D:1)
  A dart slug (D:1)
  6 bats
  2 giant cockroaches (D:1)
  3 goblins (D:1)
  4 hobgoblins (D:1)
  A jackal (D:1)
  5 kobolds
  3 frilled lizards (D:1)
  4 rats (D:1)
31 creatures vanquished.

Notes
Turn   | Place    | Note
-------+----------+-------------------------------------------
     0 | D:1      | gilim the Gargoyle Fighter began the quest for the Orb.
     0 | D:1      | Reached XP level 1. HP: 14/14 MP: 1/1
   309 | D:1      | Reached XP level 2. HP: 19/19 MP: 2/2
   594 | D:1      | Reached XP level 3. HP: 20/23 MP: 3/3
   602 | D:1      | Reached skill level 4 in Shields
  1090 | D:2      | Noticed Sigmund
  1108 | D:2      | Mangled by Sigmund

Levels and vault maps discovered:
D:1:      dpeg_cavernosity, layout_basic, minmay_pentomino_s4
D:2:      layout_basic, serial_forest, infiniplex_forest_clump_small,
          infiniplex_forest_end_2, infiniplex_forest_zigzag_1,
          infiniplex_forest_lined_corner, infiniplex_forest_straight_3,
          infiniplex_forest_clump_C, uniq_sigmund

Skill      XL: |  1  2  3 |
---------------+----------+-----
Axes           | 2 |  2.3
Shields        | 4 |  4.2
Fighting       | |  3.7
Armour         | |  3.2

Action                   || total
-------------------------++-------
Melee: War axe           ||    95
       Short sword       ||    11
  Eat: Chunk             ||     1
Armor: Scale mail        ||    67
Dodge: Dodged            ||    38
Block: Shield            ||    56
